 Dungeon Crawl Stone Soup version 0.25.1-2-g60ff931 (webtiles) character file.

Game seed: 3849062358176964836

110 Gadfly the Magician (level 4, -1/24 HPs)
             Began as a Deep Elf Fire Elementalist on Aug 12, 2020.
             Slain by a big kobold
             ... wielding a cursed +0 short sword
              (7 damage)
             ... in a sewer.
             The game lasted 00:04:38 (2244 turns).

Gadfly the Magician (Deep Elf Fire Elementalist)    Turns: 2244, Time: 00:04:38

Health: -1/24      AC:  5    Str:  5    XL:     4   Next: 61%
Magic:  6/12       EV: 17    Int: 21    God:
Gold:   52         SH:  0    Dex: 15    Spells: 8/12 levels left

rFire    . . .     SeeInvis .   e - +0 falchion
rCold    . . .     Gourm    .   (no shield)
rNeg     . . .     Faith    .   a - +0 robe
rPois    .         Spirit   .   h - +2 hat
rElec    .         Reflect  .   i - scarf {harm}
rCorr    .         Harm     +   m - +0 pair of gloves
MR       .....                  (no boots)
Stlth    ++........             (no amulet)
HPRegen  0.08/turn              (no ring)
MPRegen  0.13/turn              j - +4 ring of evasion

@: no status effects
A: no striking features
a: no special abilities


You were in a sewer.
You were not hungry.

You visited 1 branch of the dungeon, and saw 3 of its levels.
You also visited: Sewer.

You collected 52 gold pieces.

Inventory:

Hand Weapons
 b - a +1 dagger
 e - a +0 falchion (weapon)
Armour
 a - a +0 robe (worn)
 d - a +0 cloak
 h - a +2 hat (worn)
 i - a scarf of harm (worn)
 m - a +0 pair of gloves (worn)
Jewellery
 j - a +4 ring of evasion (right hand)
Scrolls
 n - a scroll of identify
Potions
 f - 2 potions of brilliance
 k - a potion of mutation
 l - a potion of flight
 o - a potion of invisibility {unknown}
 q - a potion of stabbing {unknown}
Comestibles
 c - 2 rations
 g - 3 chunks of flesh


   Skills:
 + Level 3.0 Dodging
 - Level 2.4 Stealth
 * Level 4.5 Spellcasting
 * Level 2.5 Conjurations
 * Level 4.3 Fire Magic


You had 8 spell levels left.
You knew the following spells:

 Your Spells              Type           Power        Failure   Level  Hunger
a - Foxfire               Conj/Fire      ###.         2%          1    None
b - Conjure Flame         Conj/Fire      ###.....     9%          3    ##.....

Your spell library contained the following spells:

 Spells                   Type           Power        Failure   Level  Hunger
 Inner Flame              Hex/Fire       ##......     14%         3    ##.....
 Sticky Flame             Conj/Fire      ###.....     28%         4    ####...
 Fireball                 Conj/Fire      ###.......   61%         5    ######.


Dungeon Overview and Level Annotations

Branches:
Dungeon (3/15)              Sewer (1/1)

Altars:
Okawaru


Message History

You conjure some foxfire!
The foxfire hits the big kobold.
The big kobold is moderately wounded.
The foxfire hits the big kobold but does no damage.
The big kobold is moderately wounded.
The big kobold hits you with a cursed +0 short sword.
* * * LOW HITPOINT WARNING * * *
The big kobold throws a stone.
The stone completely misses you. The stone barely misses your foxfire.
The stone hits the plant but does no damage.
You hear a splash.
Your foxfire dissipates!
The foxfire hits the kobold.
The kobold is severely wounded.
The kobold completely misses you.
You see here a stone.
Casting: Foxfire (safe; 2% risk of failure)
Confirm with . or Enter, or press ? or * to list all spells.
You conjure some foxfire!
The big kobold hits you with a cursed +0 short sword.
You die...

##### ### .....##.#
........########
..........#....#####
..........'..?!#.∩.#
..P.≈≈Pv@KK..∩!#.∩.#
....≈P(vK.#...!#...#
#####≈≈########'###
≈≈≈≈≈≈≈≈≈≈≈≈≈≈≈≈≈≈≈#
≈≈≈≈≈≈≈≈≈≈≈≈≈≈≈≈≈≈≈#
≈≈≈≈≈≈≈≈≈≈≈≈≈≈≈≈≈≈≈#
≈≈≈#################
P≈≈ .


You could see 2 big kobolds and a kobold.

Vanquished Creatures
  2 adders (D:3)
  An ooze (D:2)
  5 leopard geckos (D:3)
  7 orcs
  A ball python (Sewer)
  3 bats (D:1)
  9 giant cockroaches
  10 goblins
  5 hobgoblins
  6 jackals (D:2)
  8 kobolds
  A frilled lizard (D:2)
  8 rats
66 creatures vanquished.

Vanquished Creatures (others)
  149 foxfires
149 creatures vanquished.

Grand Total: 215 creatures vanquished

Notes
Turn   | Place    | Note
-------+----------+-------------------------------------------
     0 | D:1      | Gadfly the Deep Elf Fire Elementalist began the quest for
                  | the Orb.
     0 | D:1      | Reached XP level 1. HP: 10/10 MP: 6/6
   386 | D:1      | Reached XP level 2. HP: 15/15 MP: 8/8
  1031 | D:2      | Reached XP level 3. HP: 17/19 MP: 3/10
  1040 | D:2      | Learned a level 3 spell: Conjure Flame
  1512 | D:2      | Found an iron altar of Okawaru.
  1711 | D:2      | You fall into a shaft and drop 1 floor!
  1982 | D:3      | Reached XP level 4. HP: 18/24 MP: 8/12
  2121 | D:3      | Found a glowing drain.
  2156 | Sewer    | Entered a sewer
  2236 | Sewer    | Noticed a big kobold
  2236 | Sewer    | Noticed a big kobold
  2244 | Sewer    | Slain by a big kobold

Illustrated notes

Levels and vault maps discovered:
D:1:      scummos_arrival_forest, layout_basic
D:2:      layout_basic, kennysheep_okawaru_gauntlet,
          wander_ebering_terrifying_dragon_lair
D:3:      layout_basic, first_ration, portal_sewer_entry_f,
          uniq_crazy_yiuf_cottage
Sewer:    kennysheep_pipe_town

Skill      XL: |  1  2  3  4 |
---------------+-------------+-----
Conjurations   | 2 |  2.5
Spellcasting   | 4 |  4.5
Fire Magic     | 4 |  4.3
Dodging        | 3 |  3.0
Stealth        | |  2.4

Action                   |  1- 3 |  4- 6 || total
-------------------------+-------+-------++-------
Melee: Dagger            |    26 |       ||    26
       Unarmed           |     1 |       ||     1
       Falchion          |     5 |    11 ||    16
 Cast: Foxfire           |    73 |    25 ||    98
  Use: Scroll            |     9 |       ||     9
       Potion            |     1 |       ||     1
 Stab: Sleeping          |     2 |       ||     2
  Eat: Chunk             |     3 |     1 ||     4
Armor: Robe              |    17 |     4 ||    21
Dodge: Dodged            |    43 |    39 ||    82
       Rpst.: Falchion   |     1 |     9 ||    10
